 Dungeon Crawl Stone Soup version 0.31.0 (webtiles) character file.

Game seed: 12360145649901804555

10194 qw the Skirmisher (level 11, -1/72 HPs)
             Began as a Gargoyle Hunter on Jan 19, 2024.
             Was a Priest of Okawaru.
             Slain by a death yak (9 damage)
             ... on level 2 of the Lair of Beasts.
             The game lasted 00:01:00 (8280 turns).

qw the Skirmisher (Gargoyle Hunter)                 Turns: 8280, Time: 00:01:01

Health: -1/72      AC: 26    Str: 15    XL:     11   Next: 58%
Magic:  12/14      EV: 15    Int: 10    God:    Okawaru [***...]
Gold:   615        SH:  5    Dex: 17    Spells: 10/10 levels left

rFire   . . .        s - +2 orcbow (freeze)
rCold   . . .        (shield currently unavailable)
rNeg    + . .        i - +0 ring mail
rPois   inf          c - +1 helmet
rElec   +            k - +1 cloak
rCorr   +            d - +1 pair of gloves
SInv    .            p - +0 pair of boots
Will    .....        r - amulet of reflection
Stlth   +++          g - ring of resist corrosion
HPRegen 0.32/turn    (no ring)
MPRegen 0.14/turn

%: reflection
@: heroic
A: sickness immunity, AC +8, negative energy resistance 1, electricity
resistance, torment resistance 1, petrification resistance, hooves 2, iridescent
scales 1
a: Renounce Religion, Heroism


You were on level 2 of the Lair of Beasts.
You worshipped Okawaru.
Okawaru was most pleased with you.
You visited 3 branches of the dungeon, and saw 11 of its levels.

You collected 615 gold pieces.


Innate Abilities, Weirdness & Mutations

You are immune to sickness and miasma.
Your stone body is resilient. (AC +8)
You are immune to poison.
You resist negative energy. (rN+)
You are resistant to electric shocks. (rElec)
You are resistant to unholy torment.
You are immune to petrification.
You have hoof-like feet.
You are partially covered in iridescent scales. (AC +2)


   Skills:
 - Level 9.7(14.7) Fighting
 - Level 14.0(19.0) Ranged Weapons
 + Level 5.5(10.5) Armour
 - Level 4.0(9.0) Dodging
 - Level 1.1(6.1) Stealth
 - Level 4.3 Invocations


You had 10 spell levels left.
You didn't know any spells.
Your spell library was empty.

Inventory:

Hand Weapons
 s - a +2 orcbow of freezing (weapon)
Armour
 c - a +1 helmet (worn)
 d - a +1 pair of gloves (worn)
 i - a +0 ring mail (worn)
 k - a +1 cloak (worn)
 p - a +0 pair of boots (worn)
Jewellery
 e - a ring of ice
 g - a ring of resist corrosion (left hand)
 r - an amulet of reflection (around neck)
Wands
 n - a wand of roots (4)
Scrolls
 q - a scroll of vulnerability {unknown}
Potions
 b - 3 potions of enlightenment
 f - 2 potions of cancellation
 h - 4 potions of curing
 j - 2 potions of might
 l - a potion of haste
 m - 2 potions of mutation
 o - a potion of resistance

Dungeon Overview and Level Annotations

Branches:
Dungeon (8/15)             Temple (1/1) D:6            Lair (2/5) D:8
  Snake (0/4) Lair:2
  Swamp: Lair:2-3    Shoals: Lair:2-3

Altars:
Ashenzari
Cheibriados
Dithmenos
Elyvilon
Fedhas
Gozag
Hepliaklqana
Kikubaaqudgha
Makhleb
Nemelex Xobeh
Okawaru
Qazlal
Ru
Uskayaw
Vehumet
Xom
Yredelemnul
Zin
The Shining One

Shops:
D:4 [

Annotations:
D:1 2 transporters
D:4 2 transporters


Message History

Enter note:
Enter note:
8274 ||| RETREEEEATING.
The death yak attacks as it pursues you!
The death yak gores you.
The death yak attacks as it pursues you!
The death yak gores you!
8275 ||| DRINKING potion of heal wounds.
You feel much better. The death yak gores you!
Enter note:
Enter note:
Enter note:
Enter note:
Enter note:
8276 ||| RETREEEEATING.
The death yak gores you!
Enter note:
Enter note:
Enter note:
Enter note:
Enter note:
8277 ||| RETREEEEATING.
You feel like a meek peon again.
Enter note:
Enter note:
Enter note:
Enter note:
Enter note:
8278 ||| RETREEEEATING.
Enter note:
Enter note:
Enter note:
Enter note:
Enter note:
8279 ||| RETREEEEATING.
8280 ||| INVOKING Heroism.
You gain the combat prowess of a mighty hero.
The death yak gores you!
You die...

...Y..P###P.##..# #######...#....
......## ### #..## #####.#^##..
......## #####...#####.###.####P.
.......###.P##..###.P##.##.#####.
..........Y......................
............Y....................
.###############YY######P...P##P.
## ##### ##.##Y### #P....##..
###...## ##...#@#.# ##...###..
#../}..###.......## #...# ##.
#.>.....#)..#...P# ####...#
#...}.).)..###..### #.##...#
####...#...## ##.P.###.#....###P
.# ######.## #.................
.# #### ###..###.#P........# .##
#..# #....# ###.........# ..#
##.####...# ##.........


You could see 3 death yaks.

Vanquished Creatures
  A two-headed ogre (D:8)
  Nergalle (Lair:1)
  Maurice (D:7)
  A black mamba (Lair:1)
  5 cane toads
  A komodo dragon (Lair:2)
  4 blink frogs (Lair:1)
  5 yaks (Lair:1)
  2 basilisks (Lair:1)
  A steam dragon (D:8)
  2 nagas (Lair:2)
  4 water moccasins
  An orc warrior (D:7)
  4 ice beasts
  A sky beast (D:6)
  3 black bears
  10 wolves
  An ogre (D:7)
  2 centaurs
  A phantom (D:4)
  4 bullfrogs
  2 scorpions
  8 wights
  A killer bee (D:8)
  An electric eel (Lair:1)
  4 howler monkeys (D:8)
  8 hounds
  2 gnoll boudas (D:6)
  5 orc priests
  4 jellies
  2 iguanas
  2 sleepcaps
  4 orc wizards
  23 gnolls
  6 adders
  2 shadow imps (D:4)
  2 white imps (D:8)
  2 ufetubi
  3 dart slugs
  18 orcs
  5 bats
  9 endoplasms
  6 giant cockroaches
  8 hobgoblins
  5 jackals
  7 quokkas
  6 ball pythons
  6 frilled lizards
  5 goblins
  10 kobolds
  5 rats
226 creatures vanquished.

Vanquished Creatures (others)
  A naga (Lair:2)
1 creature vanquished.

Grand Total: 227 creatures vanquished

Notes
Turn   | Place    | Note
-------+----------+-------------------------------------------
     0 | D:1      | qw the Gargoyle Hunter began the quest for the Orb.
     0 | D:1      | Reached XP level 1. HP: 12/12 MP: 1/1
     0 | D:1      | 0 ||| qw: Version: 0.3-a-132-g3d54051
     0 | D:1      | 0 ||| qw: Game counter: 196
     0 | D:1      | 0 ||| qw: Melee chars always use a shield: true
     0 | D:1      | 0 ||| qw: God list: Okawaru
     0 | D:1      | 0 ||| qw: Allow faded altars: false
     0 | D:1      | 0 ||| qw: Do Orc after clearing Dungeon:15 true
     0 | D:1      | 0 ||| qw: Do second Lair branch before Depths: true
     0 | D:1      | 0 ||| qw: Lair rune preference: random
     0 | D:1      | 0 ||| qw: Goals: Normal
     0 | D:1      | 0 ||| PLANNING D:1-11
    68 | D:1      | Reached XP level 2. HP: 17/17 MP: 2/2
   250 | D:1      | Reached XP level 3. HP: 21/21 MP: 3/3
   270 | D:1      | Reached skill level 5 in Ranged Weapons
   500 | D:1      | Found a faded altar of an unknown god.
   788 | D:1      | 788 ||| UPGRADING to +0 pair of boots.
   793 | D:1      | 793 ||| READING 2 scrolls labelled BALIALA RUIREO.
   797 | D:1      | 797 ||| READING scroll labelled MOESTR NUCZOS.
   798 | D:1      | 798 ||| READING scroll labelled GYQOAT SIECIH.
   798 | D:1      | 798 ||| IDENTIFYING emerald potion
   799 | D:1      | 799 ||| READING scroll labelled LEBBIF HED.
   800 | D:1      | 800 ||| READING scroll labelled POEDDA PEIL.
   800 | D:1      | 800 ||| ENCHANTING +0 shortbow.
   801 | D:1      | 801 ||| DRINKING 2 smoky orange potions.
   802 | D:1      | 802 ||| DROPPING scroll of butterflies.
   803 | D:1      | 803 ||| DROPPING potion of lignification.
   813 | D:2      | Found a hazy altar of Hepliaklqana.
   820 | D:2      | Reached skill level 3 in Fighting
   852 | D:2      | Reached XP level 4. HP: 27/28 MP: 4/4
  1703 | D:2      | 1703 ||| UPGRADING to +0 cloak.
  1708 | D:2      | 1708 ||| READING scroll of identify.
  1708 | D:2      | 1708 ||| IDENTIFYING purple potion
  1709 | D:2      | 1709 ||| READING scroll labelled REAQEILAFF.
  1710 | D:2      | 1710 ||| DRINKING 2 pink potions.
  1711 | D:2      | 1711 ||| DROPPING potion of brilliance.
  1712 | D:2      | 1712 ||| DROPPING potion of invisibility.
  1814 | D:3      | 1814 ||| DRINKING 2 lumpy grey potions.
  1832 | D:3      | Reached skill level 1 in Armour
  1836 | D:3      | 1836 ||| FLEEEEING.
  1882 | D:3      | 1882 ||| UPGRADING to ring of resist corrosion.
  1883 | D:3      | 1883 ||| READING scroll of identify.
  1883 | D:3      | 1883 ||| IDENTIFYING golden potion
  1929 | D:3      | 1929 ||| READING scroll of enchant weapon.
  1929 | D:3      | 1929 ||| ENCHANTING +1 shortbow.
  1947 | D:3      | 1947 ||| RETREEEEATING.
  1949 | D:3      | Reached XP level 5. HP: 26/32 MP: 5/5
  1994 | D:3      | 1994 ||| FLEEEEING.
  1995 | D:3      | 1995 ||| FLEEEEING.
  2276 | D:3      | Reached skill level 6 in Ranged Weapons
  2384 | D:3      | 2384 ||| READING scroll labelled TIFE VEYVEMYG.
  2405 | D:4      | 2405 ||| STAIRDANCE
  2424 | D:4      | 2424 ||| STAIRDANCE
  2510 | D:4      | 2510 ||| FLEEEEING.
  2520 | D:4      | 2520 ||| STAIRDANCE
  2609 | D:4      | Reached XP level 6. HP: 38/38 MP: 6/6
  2638 | D:4      | 2638 ||| FLEEEEING.
  2751 | D:4      | Found a radiant altar of Vehumet.
  2797 | D:4      | 2797 ||| FLEEEEING.
  2946 | D:4      | Found a transporter.
  2949 | D:4      | Found Qahueh's Antique Armour Shop.
  2976 | D:4      | Reached skill level 7 in Ranged Weapons
  3020 | D:4      | Found a stormy altar of Qazlal.
  3068 | D:4      | Found a hazy altar of Hepliaklqana.
  3212 | D:4      | Found a transporter.
  3294 | D:4      | 3294 ||| UPGRADING to +0 ring mail.
  3304 | D:4      | 3304 ||| DROPPING +0 leather armour.
  3305 | D:4      | 3305 ||| READING 2 scrolls labelled YFASEANT PUAJ.
  3306 | D:4      | 3306 ||| DROPPING scroll of noise.
  3317 | D:5      | Entered Level 5 of the Dungeon
  3333 | D:5      | Noticed an ice beast
  3346 | D:5      | Killed an ice beast
  3347 | D:5      | Reached XP level 7. HP: 30/43 MP: 7/7
  3347 | D:5      | 3347 ||| FLEEEEING.
  3352 | D:5      | 3352 ||| STAIRDANCE
  3394 | D:4      | 3394 ||| DRINKING 3 sedimented puce potions.
  3394 | D:4      | Gained mutation: You are partially covered in iridescent
                  | scales. (AC +2) [potion of mutation]
  3394 | D:4      | Gained mutation: You have large cloven feet. [potion of
                  | mutation]
  3394 | D:4      | Gained mutation: You have hoof-like feet. [potion of
                  | mutation]
  3462 | D:5      | Reached skill level 8 in Ranged Weapons
  3627 | D:5      | 3627 ||| FLEEEEING.
  3668 | D:5      | Found a white marble altar of Elyvilon.
  3723 | D:5      | Found a shadowy altar of Dithmenos.
  3809 | D:5      | Reached XP level 8. HP: 36/49 MP: 8/8
  3809 | D:5      | 3809 ||| FLEEEEING.
  3968 | D:5      | 3968 ||| UPGRADING to +0 helmet.
  3973 | D:5      | 3973 ||| READING scroll labelled TINIGR OMPUKIU.
  3973 | D:5      | 3973 ||| BRANDING +2 shortbow.
  4014 | D:6      | 4014 ||| FLEEEEING.
  4037 | D:6      | Found a shimmering altar of Xom.
  4054 | D:6      | 4054 ||| RETREEEEATING.
  4144 | D:6      | Reached skill level 9 in Ranged Weapons
  4166 | D:6      | Found a staircase to the Ecumenical Temple.
  4167 | D:6      | 4167 ||| PLANNING TEMPLE
  4175 | Temple   | Entered the Ecumenical Temple
  4176 | Temple   | 4176 ||| PLANNING D:1-11
  4203 | D:6      | 4203 ||| RETREEEEATING.
  4270 | D:6      | Reached skill level 3 in Armour
  4317 | D:6      | Found an iron altar of Okawaru.
  4318 | D:6      | 4318 ||| PLANNING OKAWARU WORSHIP
  4318 | D:6      | 4318 ||| READING scroll of identify.
  4318 | D:6      | 4318 ||| IDENTIFYING fizzy inky potion
  4324 | D:6      | Became a worshipper of Warmaster Okawaru
  4325 | D:6      | 4325 ||| PLANNING D:1-11
  4364 | D:6      | 4364 ||| SWAPPING to +0 orcbow.
  4365 | D:6      | 4365 ||| DROPPING +2 shortbow of draining.
  4429 | D:6      | Reached skill level 6 in Fighting
  4429 | D:6      | 4429 ||| FLEEEEING.
  4468 | D:6      | 4468 ||| READING scroll of brand weapon.
  4468 | D:6      | 4468 ||| BRANDING +0 orcbow.
  4576 | D:6      | Noticed a +0 dagger
  4577 | D:6      | Noticed a +0 dagger
  4580 | D:6      | Found a hide-covered altar of Uskayaw.
  4602 | D:6      | 4602 ||| FLEEEEING.
  4603 | D:6      | 4603 ||| FLEEEEING.
  4605 | D:6      | 4605 ||| FLEEEEING.
  4727 | D:6      | 4727 ||| UPGRADING to amulet of reflection.
  4732 | D:6      | 4732 ||| READING 2 scrolls of identify.
  4732 | D:6      | 4732 ||| IDENTIFYING fizzy orange potion
  4733 | D:6      | 4733 ||| READING scroll of identify.
  4733 | D:6      | 4733 ||| IDENTIFYING silvery potion
  4734 | D:6      | 4734 ||| DROPPING potion of attraction.
  4769 | D:7      | Reached XP level 9. HP: 55/55 MP: 9/9
  4776 | D:7      | 4776 ||| FLEEEEING.
  4781 | D:7      | 4781 ||| STAIRDANCE
  4787 | D:6      | 4787 ||| FLEEEEING.
  4790 | D:6      | Reached * piety under Okawaru
  4791 | D:6      | Reached skill level 10 in Ranged Weapons
  4939 | D:7      | Reached skill level 1 in Invocations
  4939 | D:7      | 4939 ||| FLEEEEING.
  5075 | D:7      | 5075 ||| RETREEEEATING.
  5076 | D:7      | 5076 ||| FLEEEEING.
  5086 | D:7      | HP: 14/56 [water moccasin (6)]
  5087 | D:7      | 5087 ||| READING scroll of teleportation.
  5087 | D:7      | HP: 4/56 [orc priest/divine providence (10)]
  5088 | D:7      | 5088 ||| DRINKING 2 potions of heal wounds.
  5090 | D:7      | 5090 ||| DRINKING potion of heal wounds.
  5098 | D:7      | 5098 ||| FLEEEEING.
  5103 | D:7      | 5103 ||| STAIRDANCE
  5156 | D:6      | 5156 ||| READING scroll labelled UVEALO RINLEMI.
  5198 | D:7      | Reached skill level 3 in Invocations
  5224 | D:7      | 5224 ||| FLEEEEING.
  5275 | D:7      | Identified the +8 dagger of Beogh's Regard {freeze,
                  | *Corrode rC++ Str+2 Dex+8}
  5362 | D:7      | Noticed Maurice
  5364 | D:7      | 5364 ||| INVOKING Heroism.
  5365 | D:7      | Maurice stole an amulet of magic regeneration
  5366 | D:7      | Maurice stole 403 gold
  5375 | D:7      | Something stole 25 gold
  5376 | D:7      | 5376 ||| FLEEEEING.
  5387 | D:7      | 5387 ||| FLEEEEING.
  5398 | D:7      | 5398 ||| FLEEEEING.
  5404 | D:7      | 5404 ||| INVOKING Heroism.
  5407 | D:7      | Killed Maurice
  5411 | D:7      | 5411 ||| FLEEEEING.
  5412 | D:7      | 5412 ||| FLEEEEING.
  5413 | D:7      | 5413 ||| FLEEEEING.
  5414 | D:7      | 5414 ||| FLEEEEING.
  5419 | D:7      | 5419 ||| FLEEEEING.
  5420 | D:7      | 5420 ||| FLEEEEING.
  5421 | D:7      | 5421 ||| FLEEEEING.
  5422 | D:7      | 5422 ||| FLEEEEING.
  5424 | D:7      | 5424 ||| STAIRDANCE
  5563 | D:6      | 5563 ||| READING 4 scrolls of identify.
  5563 | D:6      | 5563 ||| IDENTIFYING brown potion
  5564 | D:6      | 5564 ||| READING 3 scrolls of identify.
  5564 | D:6      | 5564 ||| IDENTIFYING smoky black potion
  5619 | D:7      | 5619 ||| UPGRADING to +1 cloak.
  5629 | D:7      | 5629 ||| DROPPING +0 cloak.
  5630 | D:7      | 5630 ||| DROPPING amulet of magic regeneration.
  5691 | D:8      | Noticed a two-headed ogre
  5694 | D:8      | 5694 ||| INVOKING Heroism.
  5703 | D:8      | Killed a two-headed ogre
  5704 | D:8      | Reached skill level 11 in Ranged Weapons
  5704 | D:8      | Reached XP level 10. HP: 31/63 MP: 11/13
  5704 | D:8      | 5704 ||| FLEEEEING.
  5716 | D:8      | 5716 ||| FLEEEEING.
  5722 | D:8      | 5722 ||| STAIRDANCE
  5832 | D:7      | 5832 ||| READING 2 scrolls of identify.
  5832 | D:7      | 5832 ||| IDENTIFYING scroll labelled WOULEPS EFIM
  5833 | D:7      | 5833 ||| DROPPING scroll of blinking.
  5951 | D:8      | Reached skill level 3 in Dodging
  5951 | D:8      | 5951 ||| FLEEEEING.
  6031 | D:8      | Reached ** piety under Okawaru
  6050 | D:8      | Found a sparkling altar of Nemelex Xobeh.
  6125 | D:8      | 6125 ||| FLEEEEING.
  6127 | D:8      | 6127 ||| FLEEEEING.
  6131 | D:8      | 6131 ||| FLEEEEING.
  6132 | D:8      | 6132 ||| FLEEEEING.
  6133 | D:8      | 6133 ||| FLEEEEING.
  6134 | D:8      | 6134 ||| FLEEEEING.
  6135 | D:8      | 6135 ||| FLEEEEING.
  6154 | D:8      | 6154 ||| SWAPPING to +1 orcbow of freezing.
  6155 | D:8      | 6155 ||| DROPPING +0 heavy orcbow.
  6180 | D:8      | Found a staircase to the Lair.
  6230 | D:8      | Found a glowing golden altar of the Shining One.
  6454 | D:8      | Found a glowing silver altar of Zin.
  6642 | D:8      | 6642 ||| PLANNING LAIR
  6642 | D:8      | 6642 ||| READING scroll of identify.
  6642 | D:8      | 6642 ||| IDENTIFYING orange potion
  6643 | D:8      | 6643 ||| READING scroll labelled MOUNWA AGICEL.
  6643 | D:8      | 6643 ||| ENCHANTING +0 helmet.
  6644 | D:8      | 6644 ||| DROPPING potion of degeneration.
  6707 | Lair:1   | Entered Level 1 of the Lair of Beasts
  6751 | Lair:1   | Noticed a cane toad
  6752 | Lair:1   | 6752 ||| INVOKING Heroism.
  6768 | Lair:1   | Killed a cane toad
  6769 | Lair:1   | Reached skill level 12 in Ranged Weapons
  6817 | Lair:1   | 6817 ||| RETREEEEATING.
  6818 | Lair:1   | 6818 ||| INVOKING Heroism.
  6821 | Lair:1   | Noticed a black mamba
  6822 | Lair:1   | 6822 ||| RETREEEEATING.
  6822 | Lair:1   | Noticed a cane toad
  6823 | Lair:1   | 6823 ||| RETREEEEATING.
  6824 | Lair:1   | 6824 ||| RETREEEEATING.
  6825 | Lair:1   | 6825 ||| RETREEEEATING.
  6829 | Lair:1   | 6829 ||| RETREEEEATING.
  6830 | Lair:1   | 6830 ||| RETREEEEATING.
  6847 | Lair:1   | HP: 14/64 [wolf (6)]
  6858 | Lair:1   | HP: 13/64 [bullfrog (1)]
  6863 | Lair:1   | HP: 14/64 [wolf (1)]
  6867 | Lair:1   | 6867 ||| FLEEEEING.
  7032 | Lair:1   | 7032 ||| INVOKING Heroism.
  7037 | Lair:1   | Killed a cane toad
  7054 | Lair:1   | 7054 ||| RETREEEEATING.
  7055 | Lair:1   | 7055 ||| RETREEEEATING.
  7061 | Lair:1   | Killed a black mamba
  7062 | Lair:1   | Reached skill level 13 in Ranged Weapons
  7070 | Lair:1   | 7070 ||| FLEEEEING.
  7158 | Lair:1   | Noticed Nergalle
  7159 | Lair:1   | 7159 ||| INVOKING Heroism.
  7166 | Lair:1   | Noticed a spectral orc warlord
  7179 | Lair:1   | Killed Nergalle
  7180 | Lair:1   | Reached skill level 9 in Fighting
  7180 | Lair:1   | Reached XP level 11. HP: 53/72 MP: 14/14
  7200 | Lair:1   | 7200 ||| FLEEEEING.
  7378 | Lair:1   | 7378 ||| INVOKING Heroism.
  7461 | Lair:1   | Reached *** piety under Okawaru
  7473 | Lair:1   | 7473 ||| RETREEEEATING.
  7477 | Lair:1   | 7477 ||| RETREEEEATING.
  7478 | Lair:1   | 7478 ||| RETREEEEATING.
  7481 | Lair:1   | 7481 ||| RETREEEEATING.
  7483 | Lair:1   | 7483 ||| RETREEEEATING.
  7487 | Lair:1   | 7487 ||| RETREEEEATING.
  7489 | Lair:1   | 7489 ||| INVOKING Heroism.
  7715 | Lair:1   | 7715 ||| UPGRADING to +1 pair of gloves.
  7792 | Lair:2   | Found a white marble altar of Elyvilon.
  7938 | Lair:2   | Found a staircase to the Snake Pit.
  7978 | Lair:2   | 7978 ||| READING scroll of enchant weapon.
  7978 | Lair:2   | 7978 ||| ENCHANTING +1 orcbow of freezing.
  7994 | Lair:2   | 7994 ||| RETREEEEATING.
  8016 | Lair:2   | 8016 ||| FLEEEEING.
  8191 | Lair:2   | Reached skill level 14 in Ranged Weapons
  8248 | Lair:2   | Noticed a death yak
  8249 | Lair:2   | 8249 ||| INVOKING Heroism.
  8249 | Lair:2   | Noticed a death yak
  8250 | Lair:2   | Noticed a death yak
  8251 | Lair:2   | 8251 ||| RETREEEEATING.
  8251 | Lair:2   | Noticed a death yak
  8252 | Lair:2   | 8252 ||| RETREEEEATING.
  8252 | Lair:2   | Noticed a death yak
  8253 | Lair:2   | 8253 ||| RETREEEEATING.
  8253 | Lair:2   | Noticed a death yak
  8254 | Lair:2   | 8254 ||| RETREEEEATING.
  8255 | Lair:2   | 8255 ||| RETREEEEATING.
  8256 | Lair:2   | 8256 ||| RETREEEEATING.
  8256 | Lair:2   | HP: 5/72 [death yak (16)]
  8257 | Lair:2   | 8257 ||| DRINKING 2 potions of heal wounds.
  8258 | Lair:2   | 8258 ||| RETREEEEATING.
  8259 | Lair:2   | 8259 ||| RETREEEEATING.
  8260 | Lair:2   | 8260 ||| RETREEEEATING.
  8261 | Lair:2   | 8261 ||| RETREEEEATING.
  8262 | Lair:2   | 8262 ||| RETREEEEATING.
  8263 | Lair:2   | 8263 ||| RETREEEEATING.
  8264 | Lair:2   | 8264 ||| RETREEEEATING.
  8265 | Lair:2   | 8265 ||| RETREEEEATING.
  8266 | Lair:2   | 8266 ||| RETREEEEATING.
  8267 | Lair:2   | 8267 ||| RETREEEEATING.
  8268 | Lair:2   | 8268 ||| RETREEEEATING.
  8269 | Lair:2   | 8269 ||| RETREEEEATING.
  8270 | Lair:2   | 8270 ||| RETREEEEATING.
  8271 | Lair:2   | 8271 ||| RETREEEEATING.
  8272 | Lair:2   | 8272 ||| RETREEEEATING.
  8273 | Lair:2   | 8273 ||| RETREEEEATING.
  8274 | Lair:2   | 8274 ||| RETREEEEATING.
  8274 | Lair:2   | HP: 12/72 [death yak (12)]
  8275 | Lair:2   | 8275 ||| DRINKING potion of heal wounds.
  8276 | Lair:2   | 8276 ||| RETREEEEATING.
  8277 | Lair:2   | 8277 ||| RETREEEEATING.
  8278 | Lair:2   | 8278 ||| RETREEEEATING.
  8279 | Lair:2   | 8279 ||| RETREEEEATING.
  8280 | Lair:2   | 8280 ||| INVOKING Heroism.
  8280 | Lair:2   | Slain by a death yak

Levels and vault maps discovered:
D:1:      spicycebolla_arrival_transporter_tutorial, layout_basic,
          hellmonk_ecumenical_altar_defaced_shrine, minmay_three_crescents
D:2:      layout_loops_corners, basic_altar
D:3:      layout_basic, dreamdust_princess_corridor, nicolae_the_louvre
D:4:      layout_rooms, nicolae_vehumet_radiance,
          nicolae_hepliaklqana_hazy_memory, mainiacjoe_overflow_alcove_1,
          serial_shops, nicolae_shop_drivethru, serial_demonic,
          serial_demonic_b, serial_demonic_b, serial_demonic_c,
          serial_demonic_d, serial_bayou_crossing
D:5:      layout_cave_pools, mainiacjoe_overflow_24_doors, kennysheep_little_box
D:6:      layout_basic, mainiacjoe_overflow_concentric_impassable,
          overflow_temple_1_default, dancing_weapons_uskayaw,
          minmay_temple_entry_antechambers
D:7:      nicolae_BIG_FREAKIN_CUBE, layout_rooms, uniq_maurice
D:8:      minmay_angry_zag, layout_basic, kennysheep_mini,
          nicolae_tso_carved_into_rock, mainiacjoe_overflow_cross_hatched,
          dpeg_oklobed_lair
Temple:   nicolae_temple_ecumenical_triangle
Lair:1:   layout_hall_layers, grunt_megastairs_3, serial_bayou_shore_a,
          uniq_nergalle
Lair:2:   layout_small_grid, nicolae_snake_entry_squirm, basic_altar

Skill      XL: |  1  2  3  4  5  6  7  8  9 10 11 |
---------------+----------------------------------+-----
Ranged Weapons | 5 6 7 8 9 11 13 14 | 14.0
Fighting       | 3 4 5 6 7 9 |  9.7
Armour         | 1 2 3 4 5 |  5.5
Dodging        | 2 3 4 |  4.0
Invocations    | 4 |  4.3
Stealth        | |  1.1

Action                     |  1- 3 |  4- 6 |  7- 9 | 10-12 || total
---------------------------+-------+-------+-------+-------++-------
   Fire: Shortbow          |   107 |   222 |   116 |       ||   445
         Orcbow            |       |       |   121 |   343 ||   464
 Invoke: Heroism           |       |       |     3 |     8 ||    11
    Use: Scroll            |     5 |     6 |     9 |     4 ||    24
         Potion            |     1 |     2 |     3 |     2 ||     8
 Armour: Leather armour    |    15 |   124 |       |       ||   139
         Ring mail         |       |     8 |   115 |   182 ||   305
  Dodge: Dodged            |    15 |   118 |    53 |   136 ||   322
  Block: Other             |       |       |    11 |    36 ||    47
         Reflection        |       |       |       |     3 ||     3

Table legend:
 A = Non-vault XP
 B = Vault XP
 C = Vault XP percentage of total XP
 D = Non-vault monster count
 E = Vault monster count
 F = Vault count percentage of total count
                 A         B        C        D         E       F
            +---------+---------+-------+---------+---------+-------
      Total |    9781 |    4783 |  32.8 |     193 |      34 |  15.0
            +---------+---------+-------+---------+---------+-------
        D:1 |      50 |      18 |  26.5 |      30 |       9 |  23.1
        D:2 |      42 |       0 |   0.0 |      12 |       0 |   0.0
        D:3 |     127 |       8 |   5.9 |      22 |       1 |   4.3
        D:4 |     287 |      30 |   9.5 |      23 |       3 |  11.5
        D:5 |     671 |       0 |   0.0 |      10 |       0 |   0.0
        D:6 |    1105 |       0 |   0.0 |      25 |       0 |   0.0
        D:7 |    1015 |     498 |  32.9 |      26 |       1 |   3.7
        D:8 |     987 |    1157 |  54.0 |      17 |       8 |  32.0
     Lair:1 |    3870 |    2599 |  40.2 |      19 |       9 |  32.1
     Lair:2 |    1627 |     473 |  22.5 |       9 |       3 |  25.0
            +---------+---------+-------+---------+---------+-------
